 Dungeon Crawl Stone Soup version 0.25-a0-263-g9d16a9d099 (webtiles) character file.

Game seed: 11234285000163627410, levelgen mode: deterministic

102 Redear the Shield-Bearer (level 4, -2/31 HPs)
             Began as an Octopode Fighter on Dec 7, 2019.
             Killed from afar by an orc wizard (5 damage)
             ... with a magic dart
             ... on level 3 of the Dungeon.
             The game lasted 00:02:14 (1217 turns).

Redear the Shield-Bearer (Octopode Fighter)         Turns: 1217, Time: 00:02:14

Health: -2/31      AC:  3    Str: 15    XL:     4   Next: 77%
Magic:  4/4        EV: 12    Int: 10    God:
Gold:   93         SH:  9    Dex: 12    Spells: 3/3 levels left

rFire    . . .     SeeInvis .   a - +0 long sword
rCold    . . .     Gourm    .   b - +0 shield
rNeg     . . .     Faith    .   d - +2 hat
rPois    .         Spirit   .   (no amulet)
rElec    .         Reflect  .   (no ring)
rCorr    .         Harm     .   (no ring)
MR       .....                  (no ring)
Stlth    +++.......             (no ring)
HPRegen  0.10/turn              (no ring)
MPRegen  0.09/turn              (no ring)
                                (no ring)
                                (no ring)

@: no status effects
A: almost no armour, stealthy swim, amphibious, 8 rings, constrict 8, camouflage
1, gelatinous body 1
a: no special abilities


You were on level 3 of the Dungeon.
You were not hungry.

You visited 1 branch of the dungeon, and saw 3 of its levels.

You collected 93 gold pieces.

Inventory:

Hand Weapons
 a - a +0 long sword (weapon)
Missiles
 p - 15 poisoned darts (quivered)
Armour
 b - a +0 shield (worn)
 d - a +2 hat (worn)
Jewellery
 j - a +3 ring of protection {unknown}
 l - a +4 ring of dexterity {unknown}
Scrolls
 e - a scroll of blinking {unknown}
 f - 2 scrolls of remove curse {unknown}
 g - 3 scrolls of identify {unknown}
 h - a scroll of enchant armour {unknown}
 i - a scroll of random uselessness {unknown}
 k - a scroll of amnesia {unknown}
 r - a scroll of teleportation {unknown}
Potions
 c - a potion of might {Str+5 DMG+1d10 | @q3}
 m - a potion of degeneration {unknown}
 n - a potion of cancellation {unknown}
 o - a potion of curing {unknown}
 q - a potion of mutation {unknown}
Comestibles
 z - 5 rations


   Skills:
 + Level 3.5 Fighting
 + Level 2.8 Long Blades
 + Level 3.5 Dodging
 + Level 2.4 Stealth
 + Level 3.5 Shields


You had 3 spell levels left.
You didn't know any spells.
Your spell library was empty.

Dungeon Overview and Level Annotations

Branches:
Dungeon (3/15)

Altars:
Vehumet

Annotations:
D:3 Ijyb


Innate Abilities, Weirdness & Mutations

You cannot wear most types of armour.
You are very stealthy in the water. (Stealth+)
You are amphibious.
You can wear up to eight rings at the same time.
You can use your tentacles to constrict eight enemies at once.
Your skin changes colour to match your surroundings (Stealth+).
Your rubbery body absorbs attacks. (AC +1, EV +1)


Message History

You take 29 damage, and have 2/31 hp.
MASSIVE DAMAGE!!
You are too injured to fight recklessly!
You are too injured to fight recklessly!
You are too injured to fight recklessly!
You are too injured to fight recklessly!
You are too injured to fight recklessly!
You are too injured to fight recklessly!
You are too injured to fight recklessly!
You are too injured to fight recklessly!
You are too injured to fight recklessly!
You are too injured to fight recklessly!
You are too injured to fight recklessly!
You are too injured to fight recklessly!
You are too injured to fight recklessly!
You are too injured to fight recklessly!
Okay, then.
You release your grip on the orc priest.
A magic dart appears from out of thin air!
The magic dart hits you.
You die...

##..#..)...#
....#....#..#
.##....#..#.## .
###..####.#..# .## #
#..# ....# ..# # ###!.#
##.## #.# .# #...######
#..# #.# ..#
.........###..###.# .(.#
#..%......)...).@o#....#
#.#.#########.....)g...#
..#.# ##....{....# ....#
#..#......# #.###
##........# ..#
###......# #.# #......#
... ##......# ...#...


You could see Ijyb and an orc priest.

Vanquished Creatures
  2 adders (D:2)
  2 oozes
  5 leopard geckos
  3 orcs (D:3)
  2 ball pythons
  7 bats
  2 giant cockroaches (D:2)
  7 goblins
  6 hobgoblins
  7 jackals
  A quokka (D:3)
  7 frilled lizards
  10 kobolds
  A rat (D:1)
62 creatures vanquished.

Notes
Turn   | Place    | Note
-------+----------+-------------------------------------------
     0 | D:1      | Redear the Octopode Fighter began the quest for the Orb.
     0 | D:1      | Reached XP level 1. HP: 16/16 MP: 1/1
    85 | D:1      | Reached XP level 2. HP: 21/21 MP: 2/2
    87 | D:1      | Reached skill level 1 in Stealth
   104 | D:1      | You fall into a shaft and drop 1 floor!
   137 | D:2      | Reached XP level 3. HP: 16/26 MP: 3/3
   727 | D:2      | Reached skill level 2 in Stealth
   727 | D:2      | Reached XP level 4. HP: 27/31 MP: 4/4
  1118 | D:3      | Found a radiant altar of Vehumet.
  1213 | D:3      | Noticed Ijyb
  1216 | D:3      | HP: 2/31 [something (3)]
  1217 | D:3      | Killed from afar by an orc wizard

Levels and vault maps discovered:
D:1:      minmay_arrival_widening_spiral_wide, layout_loops_corners, st_stairs_9
D:2:      layout_rooms
D:3:      kennysheep_the_goblin_king, layout_rooms,
          chequers_ecumenical_altar_simple_redux, lemuel_statue_altar,
          uniq_grinder, uniq_ijyb

Skill      XL: |  1  2  3 |
---------------+----------+-----
Stealth        | 1 2 |  2.4
Fighting       | |  3.5
Long Blades    | |  2.8
Dodging        | |  3.5
Shields        | |  3.5

Action                   |  1- 3 |  4- 6 || total
-------------------------+-------+-------++-------
Melee: Tentacles         |    13 |    11 ||    24
       Long sword        |    54 |    48 ||   102
       Constrict         |    23 |    13 ||    36
 Stab: Sleeping          |     3 |     1 ||     4
  Eat: Chunk             |       |     1 ||     1
Armor: Skin              |     8 |     9 ||    17
Dodge: Dodged            |    51 |    34 ||    85
Block: Shield            |    32 |    30 ||    62
       Rpst.: Long sword |    20 |    11 ||    31

Table legend:
 A = Non-vault XP
 B = Vault XP
 C = Vault XP percentage of total XP
 D = Non-vault monster count
 E = Vault monster count
 F = Vault count percentage of total count
                 A         B        C        D         E       F
            +---------+---------+-------+---------+---------+-------
      Total |     125 |      21 |  14.4 |      53 |       9 |  14.5
            +---------+---------+-------+---------+---------+-------
        D:1 |      10 |       8 |  44.4 |       5 |       2 |  28.6
        D:2 |      68 |       0 |   0.0 |      27 |       0 |   0.0
        D:3 |      47 |      13 |  21.7 |      21 |       7 |  25.0
            +---------+---------+-------+---------+---------+-------
